 Dungeon Crawl Stone Soup version 0.27.1 (webtiles) character file.

Game seed: 12496431567564423675

107 r3algoood the Conjurer (level 4, 0/34 HPs)
             Began as a Draconian Conjurer on Sept 3, 2021.
             Slain by a scorpion (6 damage)
             ... on level 3 of the Dungeon.
             The game lasted 00:05:35 (2579 turns).

r3algoood the Conjurer (Draconian Conjurer)         Turns: 2579, Time: 00:05:37

Health: 0/34       AC:  6    Str: 10    XL:     4   Next: 57%
Magic:  1/7        EV: 12    Int: 25    God:
Gold:   53         SH:  0    Dex:  9    Spells: 4/7 levels left

rFire    . . .     SeeInvis .   b - +1 dagger (speed)
rCold    . . .     Faith    .   (no shield)
rNeg     . . .     Spirit   .   (armour unavailable)
rPois    .         Reflect  .   (helmet restricted)
rElec    .         Harm     .   k - +0 cloak
rCorr    .         Rampage  .   (no gloves)
Will     .....                  (no boots)
Stlth    ++........             a - amulet of regeneration
HPRegen  1.11/turn              c - +6 ring of intelligence
MPRegen  0.10/turn              (no ring)

@: lethally poisoned (0 -> -2)
A: AC +5, unfitting armour, cold-blooded
a: no special abilities


You were on level 3 of the Dungeon.
You visited 1 branch of the dungeon, and saw 3 of its levels.

You collected 53 gold pieces.

Inventory:

Hand Weapons
 b - a +1 dagger of speed (weapon)
Armour
 k - a +0 cloak (worn)
Magical Staves
 i - a staff of fire
 n - a staff of fire
Jewellery
 a - an amulet of regeneration (around neck)
 c - a +6 ring of intelligence (left hand)
 l - an amulet of faith
 m - an amulet of magic regeneration
Scrolls
 g - 2 scrolls of identify {unknown}
 j - 3 scrolls of teleportation {unknown}
Potions
 d - a potion of ambrosia {unknown}
 e - a potion of resistance {unknown}
 f - a potion of mutation {unknown}
 h - a potion of lignification {unknown}


   Skills:
 - Level 0.4 Fighting
 - Level 0.1 Short Blades
 + Level 2.3 Dodging
 + Level 2.4 Stealth
 + Level 2.4 Spellcasting
 * Level 5.2 Conjurations


You had 4 spell levels left.
You knew the following spells:

 Your Spells              Type           Power      Damage    Failure   Level
a - Magic Dart            Conj           100%       1d8       1%          1
b - Searing Ray           Conj           58%        3d5       1%          2

Your spell library contained the following spells:

 Spells                   Type           Power      Damage    Failure   Level
 Static Discharge         Conj/Air       16%        N/A       5%          2
 Dazzling Flash           Conj/Hex       32%        N/A       11%         3
 Fulminant Prism          Conj/Hex       8%         3d7       36%         4
 Iskenderun's Mystic Bla  Conj/Tloc      16%        2d5       36%         4
 Lightning Bolt           Conj/Air       8%         1d20      71%         5
 Maxwell's Capacitive Co  Air            1%         ∞         100%        8


Dungeon Overview and Level Annotations

Branches:
Dungeon (3/15)

Altars:


Innate Abilities, Weirdness & Mutations

Your plain brown scales are hard. (AC +5)
You cannot fit into any form of body armour.
You are cold-blooded and may be slowed by cold attacks.


Message History

You feel sick. The scorpion barely misses you.
You hit the scorpion.
The scorpion is severely wounded.
You feel sick.
You hit the scorpion but do no damage.
The scorpion is severely wounded.
You feel sick. The scorpion misses you.
You barely miss the scorpion.
The scorpion is severely wounded.
The scorpion closely misses you.
You hit the scorpion but do no damage.
The scorpion is severely wounded.
You feel sick. The scorpion stings you!
You barely miss the scorpion.
The scorpion is severely wounded.
You feel sick. The scorpion completely misses you.
You barely miss the scorpion.
The scorpion is severely wounded.
You hit the scorpion.
The scorpion is severely wounded.
You feel sick. The scorpion stings you.
You are more poisoned.
The scorpion poisons you!
You hit the scorpion but do no damage.
Your tail-slap misses the scorpion.
The scorpion is severely wounded.
You feel sick. The scorpion stings you.
* * * LOW HITPOINT WARNING * * *
You hit the scorpion but do no damage.
Your tail-slap misses the scorpion.
The scorpion is severely wounded.
You feel sick. The scorpion closely misses you.
Casting: Magic Dart (safe; 1% risk of failure)
Confirm with . or Enter, or press ? or * to list all spells.
Aiming: Magic Dart (safe; 1% risk of failure)
Press: ? - help, Shift-Dir - straight line, f/p - scorpion
Aim: a scorpion (severely wounded, 100% to hit)
The magic dart hits the scorpion but does no damage.
The scorpion is severely wounded.
You feel very sick. The scorpion stings you.
You die...

####.##.#
..>.
#..#.# ...
##.#.# .
#.#.# ..
#.#.# ...
#...# ....
##..#
.....
#..#$.....
##@s......
###......
......
.....
$.[.. ####


You could see a scorpion.

Vanquished Creatures
  Robin (D:2)
  A gnoll (D:1)
  4 adders
  2 dart slugs
  2 endoplasms (D:3)
  3 giant cockroaches
  14 goblins
  2 hobgoblins (D:2)
  3 quokkas
  3 ball pythons
  5 bats
  3 kobolds
  4 rats (D:1)
47 creatures vanquished.

Notes
Turn   | Place    | Note
-------+----------+-------------------------------------------
     0 | D:1      | r3algoood the Draconian Conjurer began the quest for the
                  | Orb.
     0 | D:1      | Reached XP level 1. HP: 14/14 MP: 3/3
   283 | D:2      | Reached XP level 2. HP: 20/20 MP: 1/5
   620 | D:1      | Reached XP level 3. HP: 27/27 MP: 0/6
   706 | D:1      | Found a faded altar of an unknown god.
  1500 | D:2      | Learned a level 2 spell: Searing Ray
  1645 | D:2      | Reached skill level 5 in Conjurations
  1654 | D:2      | Identified the +0 helmet of the Ancient Planets {Int+3
                  | Stlth+}
  1654 | D:2      | Noticed Robin
  1657 | D:2      | Reached XP level 4. HP: 34/34 MP: 2/7
  1688 | D:2      | Killed Robin
  2553 | D:3      | Noticed a scorpion
  2579 | D:3      | Slain by a scorpion

Illustrated notes

Levels and vault maps discovered:
D:1:      giann_wishing_wells, layout_basic, basic_ecumenical_altar
D:2:      layout_basic, uniq_robin
D:3:      layout_basic, overflow_temple_1_default

Skill      XL: |  1  2  3 |
---------------+----------+-----
Stealth        | 2 |  2.4
Dodging        | 2 |  2.3
Conjurations   | 5 |  5.2
Fighting       | |  0.4
Short Blades   | |  0.1
Spellcasting   | |  2.4

Action                   |  1- 3 |  4- 6 || total
-------------------------+-------+-------++-------
Melee: Unarmed           |     9 |       ||     9
       Dagger            |    39 |    18 ||    57
       Tailslap          |     2 |     2 ||     4
 Cast: Magic Dart        |    51 |    35 ||    86
       Searing Ray       |       |     1 ||     1
Armor: Skin              |    24 |     9 ||    33
Dodge: Dodged            |    53 |    21 ||    74
